 Dungeon Crawl Stone Soup version 0.29.1-1-gd02db6906a (webtiles) character file.

Game seed: 13676673763979536511

632 Earthwalker the Poker (level 7, -4/52 HPs)
             Began as a Merfolk Gladiator on Oct 14, 2022.
             Slain by an orc
             ... wielding a +0 flail
              (7 damage)
             ... on level 5 of the Dungeon on Oct 15, 2022.
             The game lasted 00:12:39 (4733 turns).

Earthwalker the Poker (Merfolk Gladiator)           Turns: 4733, Time: 00:12:40

Health: -4/52      AC:  6    Str: 17    XL:     7   Next: 49%
Magic:  7/7        EV: 10    Int:  7    God:
Gold:   253        SH:  0    Dex: 15    Spells: 6/6 levels left

rFire   . . .      SeeInvis .   a - +1 trident
rCold   . . .      Faith    .   h - +0 tower shield
rNeg    . . .      Spirit   .   b - +0 leather armour
rPois   .          Reflect  .   c - +0 helmet
rElec   .          Harm     .   p - +1 cloak
rCorr   .          Rampage  .   (no gloves)
Will    .....                   (no boots)
Stlth   +.........              (no amulet)
HPRegen 0.17/turn               (no ring)
MPRegen 0.10/turn               (no ring)

@: confused
A: (nimble swimmer 2), mertail
a: no special abilities


You were on level 5 of the Dungeon.
You visited 1 branch of the dungeon, and saw 6 of its levels.

You collected 253 gold pieces.

Inventory:

Hand Weapons
 a - a +1 trident (weapon)
Missiles
 d - 3 throwing nets (quivered)
 e - a javelin
Armour
 b - a +0 leather armour (worn)
 c - a +0 helmet (worn)
 h - a +0 tower shield (worn)
 k - a +0 chain mail
 p - a +1 cloak (worn)
Wands
 f - a wand of flame (23)
Scrolls
 g - a scroll of enchant weapon
 o - a scroll of silence {unknown}
Potions
 i - a potion of flight
 j - 2 potions of curing
 l - a potion of heal wounds {unknown}
 m - a potion of might {unknown}
 n - a potion of degeneration {unknown}
 q - a potion of invisibility {unknown}


   Skills:
 * Level 3.4 Fighting
 * Level 7.6 Polearms
 - Level 2.0 Throwing
 * Level 2.1 Armour
 * Level 5.4 Dodging
 * Level 2.5 Stealth
 * Level 2.3 Shields


You had 6 spell levels left.
You didn't know any spells.
Your spell library was empty.

Dungeon Overview and Level Annotations

Branches:
Dungeon (6/15)
 Temple: D:4-7

Altars:
Uskayaw

Shops:
D:6 !

Annotations:
D:3 2 runed translucent doors, Earthwalker's ghost, amateur HOAK
D:6 1 transporter


Innate Abilities, Weirdness & Mutations

((You are very nimble when in or above water. (Stealth+, EV+, Speed+++)))
Your lower body shifts to a powerful aquatic tail in water.


Message History

* * * LOW HITPOINT WARNING * * *
You feel sick. The orc priest barely misses you.
You hit the orc priest.
The orc priest is heavily wounded.
You feel sick. Something hits you but does no damage.
The orc priest closely misses you.
You barely miss the orc priest.
The orc priest is heavily wounded.
You feel sick.
You are no longer poisoned.
You hear some strange, mumbled words.
Something tries to affect you, but you resist.
The orc wizard hits you with a +0 dagger.
* * * LOW HITPOINT WARNING * * *
You feel less confused.
The orc wizard mumbles some strange words.
The orc wizard flickers and vanishes!
You are too injured to fight recklessly!
You are too injured to fight recklessly!
You are too injured to fight recklessly!
You puncture something! You block the orc's attack.
You hear some strange, mumbled words.
Something tries to affect you, but you resist.
Something hits you.
* * * LOW HITPOINT WARNING * * *
You block the orc's attack.
You hear some strange, mumbled words.
You are confused.
You hear some strange, mumbled words.
A magic dart appears from out of thin air!
The magic dart hits you.
* * * LOW HITPOINT WARNING * * *
You bump into the rock wall.
The orc barely misses you.
The orc priest invokes the aid of Beogh against you.
Something writhes in agony!
Reactivating autopickup.
You feel a bit more experienced. Something hits you but does no damage.
Deactivating autopickup; reactivate with Ctrl-A.
You bump into the rock wall.
The orc hits you with a +0 flail!
You die...

#.....# #.....# ###.###
#.# #########.#
#.........# #.#########
. #.# ####### .# #.#
#.@)o.# {#. #.# #.{o..#
.#.# #.# #...).# ...#
#.####....†######o..#.#
#............o..{o...#
######.....######.....#
#.....# #.... #######
... #


You could see an orc priest and an orc.

Vanquished Creatures
  A centaur (D:5)
  2 necrophages (D:5)
  2 scorpions
  A bullfrog (D:6)
  2 jellies (D:6)
  Jessica (D:2)
  An iguana (D:6)
  An orc wizard (D:5)
  3 adders (D:2)
  A shadow imp (D:6)
  A worm (D:4)
  A dart slug (D:3)
  5 orcs (D:5)
  8 ball pythons
  4 endoplasms
  2 giant cockroaches (D:2)
  6 goblins
  4 hobgoblins
  3 kobolds
  3 quokkas
  9 bats
  4 frilled lizards
  4 rats
69 creatures vanquished.

Vanquished Creatures (others)
  An orc wizard (D:5)
1 creature vanquished.

Grand Total: 70 creatures vanquished

Notes
Turn   | Place    | Note
-------+----------+-------------------------------------------
     0 | D:1      | Earthwalker the Merfolk Gladiator began the quest for the
                  | Orb.
     0 | D:1      | Reached XP level 1. HP: 16/16 MP: 1/1
   131 | D:1      | Reached XP level 2. HP: 22/22 MP: 2/2
   979 | D:2      | Reached XP level 3. HP: 20/28 MP: 3/3
  1208 | D:2      | Noticed Jessica
  1320 | D:2      | Killed Jessica
  1321 | D:2      | Reached skill level 5 in Polearms
  1321 | D:2      | Reached skill level 1 in Stealth
  1321 | D:2      | Reached XP level 4. HP: 34/34 MP: 4/4
  1603 | D:2      | Found a faded altar of an unknown god.
  1687 | D:2      | Identified the +1 sling "Jeteu" {vorpal, Int+7}
  2181 | D:3      | Found a runed translucent door.
  2204 | D:3      | Found a runed translucent door.
  2204 | D:3      | Noticed Earthwalker's ghost (amateur HOAK)
  2263 | D:3      | Noticed a +0 short sword
  2264 | D:3      | Noticed a +0 spear
  2265 | D:3      | Noticed a +0 dagger
  2265 | D:3      | Noticed a +0 dagger
  2266 | D:3      | Noticed a +0 short sword
  2266 | D:3      | Noticed a +0 falchion
  2266 | D:3      | Noticed a +0 falchion
  2266 | D:3      | Noticed a +0 spear
  2271 | D:3      | Found a hide-covered altar of Uskayaw.
  2825 | D:4      | Reached skill level 1 in Armour
  3011 | D:4      | You fall into a shaft and drop 2 floors!
  3028 | D:6      | Reached skill level 1 in Shields
  3028 | D:6      | Reached XP level 5. HP: 13/39 MP: 5/5
  3252 | D:6      | Reached skill level 6 in Polearms
  3423 | D:6      | Found a transporter.
  3472 | D:6      | Found Plog's Distillery.
  3520 | D:6      | Reached XP level 6. HP: 23/46 MP: 6/6
  3702 | D:6      | Reached skill level 5 in Dodging
  4241 | D:6      | Noticed a sky beast
  4293 | D:5      | Entered Level 5 of the Dungeon
  4303 | D:5      | Reached skill level 7 in Polearms
  4540 | D:5      | Reached XP level 7. HP: 43/52 MP: 7/7
  4733 | D:5      | Slain by an orc

Illustrated notes

Levels and vault maps discovered:
D:1:      dpeg_arrival_boxorama, layout_basic, minmay_heptomino_h4
D:2:      layout_loops_ring, shapermc_ecumenical_altar_hornbeckon, uniq_jessica
D:3:      layout_basic, nicolae_uskayaw_en_pointe, ebering_ghost_sewer_f,
          st_stairs_6
D:4:      layout_cave_pods
D:5:      layout_basic, gammafunk_temple_overflow_elements,
          minmay_temple_entry_grid
D:6:      layout_basic, serial_shops, nicolae_shop_hallway_stairs,
          shop_fountains, gammafunk_ghost_stat_death, uniq_maggie, uniq_duvessa

Skill      XL: |  1  2  3  4  5  6 |
---------------+-------------------+-----
Polearms       | 5 6 7 |  7.6
Stealth        | 1 2 |  2.5
Armour         | 1 2 |  2.1
Shields        | 1 2 |  2.3
Dodging        | 5 |  5.4
Fighting       | 3 |  3.4
Throwing       | |  2.0

Action                   |  1- 3 |  4- 6 |  7- 9 || total
-------------------------+-------+-------+-------++-------
Melee: Trident           |    76 |   176 |    29 ||   281
       Punch             |     1 |       |       ||     1
       Tailslap          |       |     1 |       ||     1
  Use: Scroll            |     3 |     3 |       ||     6
 Stab: Sleeping          |     1 |     3 |       ||     4
Armor: Leather armour    |    17 |    36 |    14 ||    67
Dodge: Dodged            |    40 |    40 |    18 ||    98
Block: Tower shield      |       |    76 |    19 ||    95
